 Dungeon Crawl Stone Soup version 0.31-a0-844-gdc52ec4e09 (webtiles) character file.

Game seed: 11691661657141323919

6891 mcwallace the Fighter (level 10, -6/91 HPs)
             Began as a Grey Draconian Shapeshifter on Oct 1, 2023.
             Was an Elder of Cheibriados.
             Mangled by an orc warrior
             ... wielding a +3 short sword of holy wrath
              (11 damage)
             ... on level 9 of the Dungeon.
             The game lasted 00:24:54 (9035 turns).

mcwallace the Fighter (Grey Draconian Shapeshifter) Turns: 9035, Time: 00:24:55

Health: -6/91      AC: 12    Str: 32    XL:     10   Next: 79%
Magic:  10/10      EV: 19    Int: 20    God:    Cheibriados [****..]
Gold:   531        SH:  0    Dex: 26    Spells: 9/9 levels left

rFire   . .          .
                       - Unarmed
rCold   . . .        (shield currently unavailable)
rNeg    . . .        (body armour unavailable)
rPois   .            (helmet restricted)
rElec   .            (no cloak)
rCorr   .            (no gloves)
SInv    .            (no boots)
Will    +....        (no amulet)
Stlth   +            E - ring of willpower
HPRegen 0.35/turn    I - +6 ring of dexterity
MPRegen 0.12/turn

%: no passive effects
@: mighty, lethally poisoned (-6 -> -8), flux-form, glowing, very slow
A: glow, contaminating, AC +12, amphibious, unfitting armour, cold-blooded
a: Begin Untransformation, Renounce Religion, Bend Time, Temporal Distortion,
Slouch


You were on level 9 of the Dungeon.
You worshipped Cheibriados.
Cheibriados was greatly pleased with you.
You were something dangerously unstable.
You visited 2 branches of the dungeon, and saw 10 of its levels.
You also visited: Sewer.

You collected 531 gold pieces.


Innate Abilities, Weirdness & Mutations

You are something dangerously unstable.
You glow with magical radiation, making you easy to see and hit.
Foes you strike become dangerously contaminated with magical radiation.
You are incapable of wielding weapons or throwing items.
Your dull iron-grey scales are very hard. (AC +12)
You are amphibious.
You cannot fit into any form of body armour.
You are cold-blooded and may be slowed by cold attacks.


   Skills:
 + Level 9.2 Fighting
 + Level 7.8 Dodging
 + Level 8.9 Unarmed Combat
 + Level 8.2 Shapeshifting


You had 9 spell levels left.
You didn't know any spells.
Your spell library contained the following spells:

 Spells                   Type           Power      Damage    Failure   Level
 Apportation              Tloc           0%         N/A       19%         1
 Necrotise                Necr           0%         1d4       19%         1
 Summon Small Mammal      Summ           0%         N/A       19%         1
 Dazzling Flash           Conj/Hex       0%         N/A       50%         3
 Ozocubu's Armour         Ice            0%         N/A       50%         3
 Agony                    Necr           0%         N/A       99%         5
 Metabolic Englaciation   Hex/Ice        0%         N/A       99%         5
 Silence                  Hex/Air        0%         N/A       99%         5
 Simulacrum               Ice/Necr       0%         N/A       100%        6

Inventory:

Hand Weapons
 m - the +0 trident "Rior" {heavy, Str+2, polearm}
   (You found it on level 9 of the Dungeon)

   Str+2:     It affects your strength (+2).
 q - the +1 falchion "Ruiggimm" {venom, *Noise rPois rF+ Int+3, long}
   (You found it on level 2 of the Dungeon)

   Int+3:     It affects your intelligence (+3).
   rF+:       It protects you from fire.
   rPois:     It protects you from poison *Noise: It may make a loud noise when
   swung.
Missiles
 g - 110 stones {throwing}
 i - 6 javelins {throwing}
 u - 27 poisoned darts {throwing}
 B - 9 boomerangs {throwing}
Armour
 z - a scarf of harm
   (You found it on level 4 of the Dungeon)
 F - a +0 pair of boots
   (You found it on level 6 of the Dungeon)
 K - a +0 pair of gloves
   (You found it on level 8 of the Dungeon)
Magical Staves
 f - a staff of poison {!astaff}
   (You found it on level 1 of the Dungeon)
 s - a staff of fire {!astaff}
   (You found it on level 2 of the Dungeon)
Jewellery
 E - a ring of willpower (left hand)
   (You found it on level 6 of the Dungeon)
 H - a ring of fire
   (You found it on level 7 of the Dungeon)
 I - a +6 ring of dexterity (right hand)
   (You found it on level 7 of the Dungeon)
Talismans
 b - a beast talisman
 c - a flux talisman (active)
Wands
 r - a wand of flame (33)
   (You found it on level 2 of the Dungeon)
Scrolls
 d - 2 scrolls of noise {!r}
 e - 3 scrolls of immolation {unknown}
 l - 8 scrolls of teleportation {@r4}
 p - 5 scrolls of enchant armour
 x - a scroll of revelation {unknown}
 y - 2 scrolls of poison {!r}
 A - 2 scrolls of amnesia {unknown}
 C - a scroll of fog {unknown}
 G - a scroll of brand weapon {unknown}
Potions
 a - 3 potions of lignification {!q}
 h - 2 potions of haste {forbidden@q3}
 j - 2 potions of cancellation
 k - 7 potions of mutation {!q}
 o - a potion of enlightenment
 t - a potion of might
 v - 3 potions of degeneration {!q@e2}
 w - 4 potions of brilliance

Dungeon Overview and Level Annotations

Branches:
Dungeon (9/15) Zot: 38404  Temple (1/1) D:4 Zot: 8972   Sewer (visited)
   Lair: D:8-11         Orc: D:9-12

Altars:
Ashenzari
Cheibriados
Dithmenos
Elyvilon
Fedhas
Gozag
Hepliaklqana
Kikubaaqudgha
Makhleb
Nemelex Xobeh
Okawaru
Qazlal
Ru
Trog
Vehumet
Wu Jian
Xom
Yredelemnul
Zin
The Shining One

Shops:
D:6

(
....)......###############.......
.................................
.................................
###..#########..#####.###########
###..#.......#..# #.#
#....#.......#..# #.#
#.#..#D$.....'..# #.###########
.....#.[.....'..#####............
.....#o[.....'.op)...............
.....#.......#..###########..####
##...#.......#..# #..#
##..#########..# #..#
#........).....###########..#
##........).)................####
.................................
..................).#########....
#################...# #..##


You could see an orc warrior (contam).


Message History

You punch the four-headed hydra!
The four-headed hydra begins to glow.
The four-headed hydra barely misses you. x3
The four-headed hydra closely misses you.
You punch the four-headed hydra!
The four-headed hydra glows dangerously bright.
You tail-slap the four-headed hydra.
You kill the four-headed hydra!
Cheibriados appreciates the change of pace.
Your Shapeshifting skill increases to level 8! 😨 HP[+1]
You punch the wraith!
The wraith begins to glow.
You tail-slap the wraith. You barely miss the wraith. The wraith hits you!
* * * LOW HITPOINT WARNING * * *
😨 HP[-7]
You take 7 damage, and now have 26/90 hp.
You hit the wraith.
The wraith glows dangerously bright.
The wraith hits you!
* * * LOW HITPOINT WARNING * * *
😱 HP[-8]
You take 8 damage, and now have 18/90 hp.
You completely miss the wraith.
Cforsyth's ghost whispers, "The ORB doesn't exist."
The wraith closely misses you. 😱 HP[+1]
You punch the wraith!
The wraith shudders as magic cascades through it!!
You destroy the wraith!
Cheibriados appreciates the change of pace.
Your Fighting skill increases to level 9!
You now have 91 max hp (+1).
You closely miss the kobold brigand. You tail-slap the kobold brigand!
The kobold brigand hits you but does no damage. 😱 HP[+1]
You closely miss the kobold brigand.
Your tail-slap misses the kobold brigand.
You hit the kobold brigand but do no damage.
The kobold brigand begins to glow.
You tail-slap the kobold brigand!
The kobold brigand hits you with a +0 short sword.
* * * LOW HITPOINT WARNING * * *
😱 HP[-1]
You take 1 damage, and now have 19/91 hp.
You punch the kobold brigand!
The kobold brigand glows dangerously bright.
The kobold brigand barely misses you.
Cforsyth's ghost casts a spell.
You punch the kobold brigand!
You kill the kobold brigand!
Cheibriados appreciates the change of pace.
Cheibriados raises the support of your attributes as your movement slows.
The orc warrior unwields a +3 short sword of holy wrath.
It stops glowing.
The orc warrior wields a +0 arbalest.
The orc warrior shoots a bolt.
The bolt closely misses you. 😱 HP[+1]
The cerulean imp hits you but does no damage.
The cerulean imp closely misses you.
Items here: ( ) ††.
You completely miss cforsyth's ghost.
Cforsyth's ghost hits you but does no damage. 😱 HP[+1]
You punch cforsyth's ghost!
Cforsyth's ghost begins to glow.
The cerulean imp hits you but does no damage.
Cforsyth's ghost hits you but does no damage.
You are poisoned.
You hit cforsyth's ghost.
Cforsyth's ghost glows dangerously bright.
You feel sick. The cerulean imp misses you. 😱 HP[-2]
You take 2 damage, and now have 19/91 hp.
You punch cforsyth's ghost!
Cforsyth's ghost shudders as magic cascades through it!!
You tail-slap cforsyth's ghost. Cforsyth's ghost completely misses you.
The cerulean imp hits you but does no damage.
You punch cforsyth's ghost!
You destroy cforsyth's ghost!
Cheibriados appreciates the change of pace.
The cerulean imp disappears in a puff of smoke! x3
You feel sick. The killer bee closely misses you.
You punch the killer bee!
The killer bee begins to glow.
Your tail-slap misses the killer bee.
You feel sick. The killer bee barely misses you.
The killer bee closely misses you. 😱 HP[-1]
You take 1 damage, and now have 18/91 hp.
You punch the killer bee!
You kill the killer bee!
Cheibriados thoroughly appreciates the change of pace.
You feel sick.
The orc warrior shoots a bolt.
The bolt barely misses you. 😱 HP[-1]
You take 1 damage, and now have 17/91 hp.
You feel sick.
The orc warrior unwields a +0 arbalest.
The orc warrior wields a +3 short sword of holy wrath.
It softly glows with a divine radiance!
The orc warrior hits you with a +3 short sword of holy wrath!
* * * LOW HITPOINT WARNING * * *
The orc warrior hits you but does no damage.
You see here a killer bee corpse. 😱 HP[-12]
You take 12 damage, and now have 5/91 hp.
You punch the orc warrior!
The orc warrior begins to glow.
You tail-slap the orc warrior.
The orc warrior hits you with a +3 short sword of holy wrath!
You die...

Skill      XL: |  1  2  3  4  5  6  7  8  9 10 |
---------------+-------------------------------+-----
Dodging        | 2 3 4 5 6 7 |  7.8
Fighting       | 2 3 4 5 6 8 9 |  9.2
Unarmed Combat | 4 5 6 7 8 |  8.9
Shapeshifting  | 4 5 6 7 8 |  8.2

Action                     |  1- 3 |  4- 6 |  7- 9 | 10-12 || total
---------------------------+-------+-------+-------+-------++-------
  Melee: Unarmed           |    95 |   224 |   358 |   111 ||   788
         Tailslap          |     9 |    15 |    51 |    24 ||    99
         Punch             |       |     9 |    16 |     2 ||    27
  Throw: Dart              |       |     3 |       |       ||     3
         Throwing net      |       |       |     1 |       ||     1
  Evoke: Wand              |       |       |     4 |       ||     4
    Use: Scroll            |       |       |    12 |     3 ||    15
         Potion            |       |       |     6 |     1 ||     7
   Stab: Sleeping          |       |       |     4 |       ||     4
         Distracted        |       |       |       |     1 ||     1
 Armour: Skin              |    61 |   162 |   243 |    64 ||   530
  Dodge: Dodged            |    68 |   160 |   265 |    85 ||   578
   Form: Flux              |       |       |       |     1 ||     1

Levels and vault maps discovered:
D:1:      amcnicky_arrival_underground_garden, layout_basic
D:2:      layout_loops_cross, shapermc_ecumenical_altar_mp_vishouse,
          hangedman_abyss_or_decor_stabs, minmay_pentomino_v4
D:3:      layout_rooms, nicolae_ru_sacrificial_ziggurat
D:4:      layout_basic, minmay_temple_entry_mini_moons,
          cheibrodos_sewer_entry_drain, kennysheep_boxes
D:5:      layout_cave_pools, lemuel_round_altar
D:6:      layout_loops_ring, xom_confusion_cloud, corexii_leaking_fountain,
          doesnt_shop_hydraphobe
D:7:      layout_rooms, nemelex_spade_bored_becter, grunt_tough_drop
D:8:      layout_basic, elyvilon_altar_3, lightli_temple_of_fire, st_stairs_10
D:9:      layout_long_grid, gammafunk_ghost_split,
          minmay_misc_feat_more_columns, kennysheep_just_a_vault
Temple:   nicolae_temple_great_sept

Notes
Turn   | Place    | Note
-------+----------+-------------------------------------------
     0 | D:1      | mcwallace the Draconian Shapeshifter began the quest for
                  | the Orb.
     0 | D:1      | Reached XP level 1. HP: 16/16 MP: 1/1
     0 | D:1      | magus.rc [v1.9.6]
    89 | D:1      | Reached skill level 2 in Dodging
    89 | D:1      | Reached XP level 2. HP: 8/24 MP: 2/2
   269 | D:1      | You pick up a book of Cantrips and begin reading...
   269 | D:1      | You add the spells Necrotise, Summon Small Mammal and
                  | Apportation to your library.
   541 | D:1      | Reached XP level 3. HP: 21/29 MP: 3/3
   669 | D:1      | Reached skill level 2 in Fighting
  1142 | D:2      | Reached XP level 4. HP: 37/37 MP: 4/4
  1326 | D:2      | Identified the +1 falchion "Ruiggimm" {venom, *Noise rPois
                  | rF+ Int+3}
  1726 | D:2      | Found a faded altar of an unknown god.
  1985 | D:3      | Found a sacrificial altar of Ru.
  2443 | D:3      | Reached XP level 5. HP: 36/42 MP: 5/5
  2487 | D:4      | Noticed a black bear
  2496 | D:4      | Killed a black bear
  2497 | D:4      | Reached skill level 3 in Fighting
  2497 | D:4      | Reached skill level 3 in Dodging
  2497 | D:4      | Reached skill level 4 in Unarmed Combat
  2497 | D:4      | Reached skill level 4 in Shapeshifting
  2545 | D:4      | Reached XP level 6. HP: 26/51 MP: 6/6
  2710 | D:4      | Found a staircase to the Ecumenical Temple.
  2718 | Temple   | Entered the Ecumenical Temple
  2728 | Temple   | Became a worshipper of Cheibriados the Contemplative
  2783 | D:4      | You pick up a book of the Senses and begin reading...
  2783 | D:4      | You add the spells Dazzling Flash, Agony and Silence to
                  | your library.
  2796 | D:4      | Found a glowing drain.
  2809 | Sewer    | Entered a sewer
  2833 | Sewer    | Reached skill level 4 in Fighting
  2837 | Sewer    | HP: 11/52 [worm (9)]
  3048 | Sewer    | Your scales start taking on a dull iron-grey colour.
  3048 | Sewer    | Reached XP level 7. HP: 59/59 MP: 7/7
  3356 | D:4      | Reached skill level 4 in Dodging
  3356 | D:4      | Reached skill level 5 in Unarmed Combat
  3488 | D:4      | Reached * piety under Cheibriados
  3729 | D:5      | Entered Level 5 of the Dungeon
  3860 | D:4      | Reached skill level 5 in Shapeshifting
  4248 | D:5      | Reached skill level 5 in Fighting
  4261 | D:5      | Found an iron altar of Okawaru.
  4390 | D:5      | Reached XP level 8. HP: 57/68 MP: 8/8
  4545 | D:6      | Found Besebb's Hydra Hut.
  4552 | D:6      | Noticed a seven-headed hydra
  4646 | D:6      | Reached ** piety under Cheibriados
  4708 | D:6      | You pick up a book of Winter and begin reading...
  4708 | D:6      | You add the spells Ozocubu's Armour, Metabolic Englaciation
                  | and Simulacrum to your library.
  4793 | D:6      | Found a shimmering altar of Xom.
  4807 | D:6      | HP: 12/69 [steam dragon/ball of steam (7)]
  4839 | D:6      | HP: 7/69 [something/ball of steam (17)]
  4846 | D:6      | Reached skill level 5 in Dodging
  4846 | D:6      | Reached skill level 6 in Unarmed Combat
  4846 | D:6      | HP: 8/70 [iguana (7)]
  5349 | D:6      | Reached skill level 6 in Fighting
  5553 | D:7      | Identified the +1 robe of Tulips {Will+}
  5600 | D:7      | Reached skill level 6 in Shapeshifting
  5768 | D:7      | Reached XP level 9. HP: 75/77 MP: 9/9
  6043 | D:7      | Found a sparkling altar of Nemelex Xobeh.
  6483 | D:8      | Found a burning altar of Makhleb.
  6541 | D:8      | Reached *** piety under Cheibriados
  6685 | D:8      | Found a white marble altar of Elyvilon.
  6792 | D:8      | Killed an unseen horror
  6793 | D:8      | Reached skill level 7 in Fighting
  6793 | D:8      | Reached skill level 6 in Dodging
  6793 | D:8      | Reached skill level 7 in Unarmed Combat
  7082 | D:8      | Noticed a cyclops
  7096 | D:8      | HP: 18/79 [cyclops/large rock (42)]
  7573 | D:9      | HP: 15/79 [orc warrior/+0 mace (7)]
  7576 | D:8      | HP: 7/79 [orc warrior/+0 mace (6)]
  7591 | D:8      | HP: 10/79 [orc warrior/+0 short sword (1)]
  7825 | D:9      | Noticed a cyclops
  7838 | D:9      | HP: 17/79 [cyclops (19)]
  7841 | D:9      | Killed a cyclops
  7842 | D:9      | Reached skill level 7 in Shapeshifting
  7908 | D:9      | Reached skill level 8 in Fighting
  7912 | D:9      | Reached XP level 10. HP: 33/88 MP: 10/10
  7926 | D:9      | Reached skill level 8 in Unarmed Combat
  8179 | D:9      | Reached skill level 7 in Dodging
  8210 | D:9      | Identified the +0 trident "Rior" {heavy, Str+2}
  8228 | D:9      | Found the +9 scales of the Dragon King {rPois rF+ rC+
                  | Will+}
  8229 | D:9      | Noticed cforsyth's ghost (novice DjDe)
  8229 | D:9      | Noticed a four-headed hydra
  8246 | D:9      | Found a runed translucent gate.
  8246 | D:9      | Found a runed translucent gate.
  8246 | D:9      | Found a runed translucent gate.
  8308 | D:9      | Reached **** piety under Cheibriados
  8748 | D:9      | Paralysed by a hornet for 2 turns
  9015 | D:9      | Killed a four-headed hydra
  9016 | D:9      | Reached skill level 8 in Shapeshifting
  9018 | D:9      | HP: 18/90 [wraith (8)]
  9021 | D:9      | Reached skill level 9 in Fighting
  9023 | D:9      | HP: 19/91 [kobold brigand/+0 short sword (1)]
  9029 | D:9      | HP: 19/91 [poisoned by cforsyth's ghost]
  9031 | D:9      | Killed cforsyth's ghost
  9034 | D:9      | HP: 17/91 [poisoned by cforsyth's ghost]
  9034 | D:9      | HP: 5/91 [orc warrior/+3 short sword of holy wrath (12)]
  9035 | D:9      | Mangled by an orc warrior

Vanquished Creatures
  A hydra (D:9)
  The ghost of cforsyth the Fighter, a novice DjDe of Hepliaklqana (D:9)
  A cyclops (D:9)
  An unseen horror (D:8)
  2 hornets (D:9)
  A wraith (D:9)
  2 wyverns (D:9)
  A shadow (D:9)
  4 yaks (D:9)
  3 steam dragons
  A water moccasin (D:7)
  3 black bears
  3 orc warriors
  A sky beast (D:7)
  2 ogres (D:6)
  A centaur (D:9)
  6 kobold brigands
  2 bullfrogs
  3 scorpions
  7 wights
  A killer bee (D:9)
  4 hounds
  4 jellies
  2 orc priests
  5 iguanas
  7 orc wizards
  4 gnolls
  11 adders
  3 river rats (Sewer)
  A shadow imp (D:8)
  2 white imps (D:7)
  9 worms
  2 dart slugs
  46 orcs
  6 endoplasms
  2 giant cockroaches
  16 goblins
  7 hobgoblins
  8 jackals
  22 kobolds
  6 quokkas
  12 ball pythons
  5 bats
  5 frilled lizards
  8 rats
244 creatures vanquished.

Vanquished Creatures (others)
  A sky beast (D:6)
  A black bear (D:6)
  A scorpion (D:6)
  A bullfrog (D:6)
  2 jellies (D:6)
  An orc wizard (D:8)
  An orc (D:6)
8 creatures vanquished.

Grand Total: 252 creatures vanquished

Table legend:
 A = Non-vault XP
 B = Vault XP
 C = Vault XP percentage of total XP
 D = Non-vault monster count
 E = Vault monster count
 F = Vault count percentage of total count
                 A         B        C        D         E       F
            +---------+---------+-------+---------+---------+-------
      Total |    6599 |    3246 |  33.0 |     203 |      41 |  16.8
            +---------+---------+-------+---------+---------+-------
        D:1 |      64 |      14 |  17.9 |      22 |       2 |   8.3
        D:2 |      72 |       5 |   6.5 |      31 |       2 |   6.1
        D:3 |      42 |       0 |   0.0 |      21 |       0 |   0.0
        D:4 |     709 |       7 |   1.0 |      30 |       2 |   6.2
        D:5 |     265 |       0 |   0.0 |      22 |       0 |   0.0
        D:6 |     689 |     353 |  33.9 |      12 |       2 |  14.3
        D:7 |     524 |     294 |  35.9 |      16 |       5 |  23.8
        D:8 |    1084 |       3 |   0.3 |      12 |       1 |   7.7
        D:9 |    3150 |    2293 |  42.1 |      37 |       6 |  14.0
      Sewer |       0 |     277 | 100.0 |       0 |      21 | 100.0
            +---------+---------+-------+---------+---------+-------

Skill      XL: |  1  2  3  4  5  6  7  8  9 10 |
---------------+-------------------------------+-----
Dodging        | 2 3 4 5 6 7 |  7.8
Fighting       | 2 3 4 5 6 8 9 |  9.2
Unarmed Combat | 4 5 6 7 8 |  8.9
Shapeshifting  | 4 5 6 7 8 |  8.2

Action                     |  1- 3 |  4- 6 |  7- 9 | 10-12 || total
---------------------------+-------+-------+-------+-------++-------
  Melee: Unarmed           |    95 |   224 |   358 |   111 ||   788
         Tailslap          |     9 |    15 |    51 |    24 ||    99
         Punch             |       |     9 |    16 |     2 ||    27
  Throw: Dart              |       |     3 |       |       ||     3
         Throwing net      |       |       |     1 |       ||     1
  Evoke: Wand              |       |       |     4 |       ||     4
    Use: Scroll            |       |       |    12 |     3 ||    15
         Potion            |       |       |     6 |     1 ||     7
   Stab: Sleeping          |       |       |     4 |       ||     4
         Distracted        |       |       |       |     1 ||     1
 Armour: Skin              |    61 |   162 |   243 |    64 ||   530
  Dodge: Dodged            |    68 |   160 |   265 |    85 ||   578
   Form: Flux              |       |       |       |     1 ||     1

Illustrated notes

Table legend:
 A = Kills in this place as a percentage of kills in the entire game.
 B = Kills by you in this place as a percentage of kills by you in the entire game.
 C = Kills by friends in this place as a percentage of kills by friends in the entire game.
 D = Other kills in this place as a percentage of other kills in the entire game.
 E = Experience gained in this place as a percentage of experience gained in the entire game.
 F = Experience gained in this place divided by the number of levels of this place that you have seen.
                   A       B       C       D       E      F
               +-------+-------+-------+-------+-------+----------------------
         Total | 100.0 | 100.0 |   N/A |   N/A | 100.0 | 895.0
       Dungeon |  91.4 |  91.4 |   N/A |   N/A |  97.2 | 1063.1
         Sewer |   8.6 |   8.6 |   N/A |   N/A |   2.8 | 277.0
               +-------+-------+-------+-------+-------+----------------------

Table legend: (Time is in decaauts)
 A = Elapsed time spent in this place.
 B = Non-inter-level travel time spent in this place.
 C = Inter-level travel time spent in this place.
 D = Time resting spent in this place.
 E = Time spent auto-exploring this place.
 F = Levels seen in this place.
 G = Mean time per level.
                   A        B        C        D        E       F      G
               +--------+--------+--------+--------+--------+-----+--------+
         Total |  11017 |  10619 |    398 |    894 |   6650 |  11 | 1001.5 |
       Dungeon |  10458 |  10060 |    398 |    755 |   6526 |   9 | 1162.0 |
        Temple |     23 |     23 |      0 |      0 |      0 |   1 |   23.0 |
         Sewer |    535 |    535 |      0 |    139 |    124 |   1 |  535.0 |
               +--------+--------+--------+--------+--------+-----+--------+

Top non-repeatable levels by time:
     D:8: 1896 daAuts
     D:9: 1869 daAuts
     D:6: 1299 daAuts
     D:4: 1055 daAuts
     D:7: 1032 daAuts
     D:2: 988 daAuts
     D:1: 903 daAuts
     D:5: 836 daAuts
     D:3: 577 daAuts
   Sewer: 535 daAuts
  Temple: 23 daAuts
